 Dungeon Crawl Stone Soup version 0.16-a0-1982-g8124c91 (webtiles) character file.

97 timbw the Chiller (level 4, -4/27 HPs)
             Began as an Octopode Ice Elementalist on Nov 8, 2014.
             Was a Follower of Zin.
             Slain by a giant frog zombie (6 damage)
             ... on level 5 of the Dungeon.
             The game lasted 00:04:05 (866 turns).

timbw the Chiller (Octopode Ice Elementalist)        Turns: 866, Time: 00:04:05

Health: -4/27      AC:  1    Str:  7    XL:     4   Next: 68%
Magic:  4/9        EV: 13    Int: 17    God:    Zin [*.....]
Gold:   176        SH:  0    Dex: 13    Spells: 1 memorised, 8 levels left

rFire  . . .     SeeInvis .     e - +0 dagger
rCold  . . .     Clarity  .     (no shield)
rNeg   . . .     SustAb   .     (helmet restricted)
rPois  .         Gourm    .     (no amulet)
rElec  .         Spirit   .     (no ring)
rCorr  .         Warding  .     (no ring)
rMut   .         Stasis   .     (no ring)
MR     .....                    (no ring)
Stlth  +++.......               (no ring)
                                (no ring)
                                (no ring)
                                (no ring)

@: not resistant to hostile enchantments, fairly stealthy
A: almost no armour, amphibious, 8 rings, constrict 8, camouflage 1, gelatinous
body 1
a: Recite, Renounce Religion


You were on level 5 of the Dungeon.
You worshipped Zin.
Zin was aware of your devotion.
You were not hungry.

You visited 1 branch of the dungeon, and saw 4 of its levels.

You collected 195 gold pieces.
You donated 19 gold pieces to Zin.

Inventory:

Hand weapons
 a - a +0 blowgun
 e - a +0 dagger (weapon)
Missiles
 j - 4 curare-tipped needles
Jewellery
 d - an uncursed ring of fire
Scrolls
 f - 5 scrolls of remove curse {unknown}
 g - 2 scrolls of enchant weapon {unknown}
 h - a scroll of recharging {unknown}
 i - 2 scrolls of immolation {unknown}
 k - 2 scrolls of identify {unknown}
 m - 2 scrolls of fear {unknown}
 n - a scroll of teleportation {unknown}
Potions
 o - a potion of restore abilities
Books
 b - a book of Frost

   Spells                             Type                      Level
   *Freeze                            Ice                          1
   Throw Frost                        Conjuration/Ice              2
   Ozocubu's Armour                   Charms/Ice                   3
   Throw Icicle                       Conjuration/Ice              4
   Summon Ice Beast                   Ice/Summoning                4
   Condensation Shield                Ice                          4
Comestibles
 c - a bread ration
 l - 4 chunks of flesh


   Skills:
 + Level 2.8 Dodging
 - Level 2.6 Stealth
 + Level 3.0 Spellcasting
   Level 1.0 Conjurations
 + Level 4.1 Ice Magic


You had 8 spell levels left.
You knew the following spells:

 Your Spells              Type           Power        Failure   Level  Hunger
a - Freeze                Ice            ###.         3%          1    None


Dungeon Overview and Level Annotations

Branches:
Dungeon (5/15)
 Temple: D:4-7

Altars:
Zin


Innate Abilities, Weirdness & Mutations

You cannot wear most types of armour.
You are amphibious.
You can wear up to eight rings at the same time.
You can use your tentacles to constrict many enemies at once.
Your skin changes colour to match your surroundings (Stealth).
Your rubbery body absorbs attacks (AC +1).


Message History

You constrict the giant frog zombie. The giant frog zombie hits you.
Casting: Freeze
Confirm with . or Enter, or press ? or * to list all spells.
Aiming: Freeze
Press: ? - help, Shift-Dir - straight line, f/p - giant frog zombie
Aim: a giant frog zombie (constricted by you)
You freeze the giant frog zombie.
The giant frog zombie resists.
You constrict the giant frog zombie. The giant frog zombie hits you.
* * * LOW HITPOINT WARNING * * *
Casting: Freeze
Confirm with . or Enter, or press ? or * to list all spells.
Aiming: Freeze
Press: ? - help, Shift-Dir - straight line, f/p - giant frog zombie
Aim: a giant frog zombie (constricted by you)
You freeze the giant frog zombie.
The giant frog zombie completely resists.
You constrict the giant frog zombie. The giant frog zombie hits you.
* * * LOW HITPOINT WARNING * * *
The giant frog zombie hits you.
You die...

.#....#..#..#.#
.#.#.......##.#
.#(.(..#.####.#
###..#.......# . .
....#..###### ...
####.##..# .....
.....##..###########.....
#..8........#............
##....#####.#...@Z......#
.#..8...............$..##
_'.....####.#.......####
.#..8.## #.#.......#
##....#####.#.......#
#..8........#########
.....######## ###..# ##.#


You could see a giant frog zombie.

Vanquished Creatures
  A centaur (D:5)
  An adder zombie (D:5)
  2 giant geckos
  A giant cockroach (D:3)
  5 hobgoblins
  A jackal (D:1)
  3 kobolds
  A ball python (D:3)
  A bat (D:1)
  A giant newt (D:1)
  2 goblins (D:1)
  2 quokkas (D:3)
  2 rats (D:1)
23 creatures vanquished.

Notes
Turn   | Place    | Note
--------------------------------------------------------------
     0 | D:1      | timbw, the Octopode Ice Elementalist, began the quest for the Orb.
     0 | D:1      | Reached XP level 1. HP: 11/11 MP: 3/3
   104 | D:1      | Reached XP level 2. HP: 4/17 MP: 2/4
   668 | D:3      | You fall through a shaft for 2 floors!
   668 | D:5      | Entered Level 5 of the Dungeon
   675 | D:5      | Found a glowing silver altar of Zin.
   716 | D:5      | Noticed a centaur
   729 | D:5      | Killed a centaur
   729 | D:5      | Reached skill level 4 in Ice Magic
   729 | D:5      | Reached XP level 3. HP: 11/21 MP: 5/7
   729 | D:5      | Reached XP level 4. HP: 14/27 MP: 6/9
   826 | D:5      | Became a worshipper of Zin the Law-Giver
   826 | D:5      | Acquired Zin's first power
   866 | D:5      | Slain by a giant frog zombie

Action                   |  1- 3 |  4- 6 || total
-------------------------+-------+-------++-------
Melee: Unarmed           |     5 |       ||     5
       Dagger            |    11 |     9 ||    20
 Fire: Blowgun           |     2 |       ||     2
 Cast: Freeze            |    18 |     5 ||    23
  Use: Potion            |     2 |       ||     2
 Stab: Sleeping          |     3 |       ||     3
  Eat: Chunk             |     1 |       ||     1
